Construct Weapon Support Center
Mechanized Support Center
M3 Armored Personnel Carrier
Construct Medical Station
Designate Forward Repair Station
M1918 Browning Automatic Rifles
Selects Advanced Infantry Battlegroup
Selects Convert to Ranger Squad
Selects Designate Assault Position
Improved M9 Bazooka Rockets
Selects Ammunition Storage
M4(105) Sherman Bulldozer
Selects M2A1 105mm Howitzer Emplacement
Designate Forward Repair Station
Selects 155mm Rapid Artillery Barrage
155mm Rapid Artillery Barrage